 Dungeon Crawl Stone Soup version 0.18-a0-1070-gd466a24 (webtiles) character file.

2375 truemonolith the Slicer (level 9, 0/59 HPs)
             Began as a Halfling Berserker on Oct 30, 2015.
             Was a High Priest of Trog.
             Slain by a komodo dragon (18 damage)
             ... on level 8 of the Dungeon on Jan 13, 2016.
             The game lasted 00:21:38 (8795 turns).

truemonolith the Slicer (Halfling Berserker)        Turns: 8795, Time: 00:21:38

Health: 0/59       AC: 12    Str: 20    XL:     9   Next: 73%
Magic:  9/9        EV: 15    Int: 15    God:    Trog [*****.]
Gold:   676        SH:  0    Dex: 19    Spells: 0 memorised, 8 levels left

rFire  + . .     SeeInvis .     H - +3 falchion of Kenedoxkui {slice, rN+ Dex+2}
rCold  . . .     Gourm    .     i - +0 chain mail {rF+}
rNeg   + . .     Faith    .     (shield restricted)
rPois  .         Spirit   .     p - +0 hat
rElec  .         Dismiss  .     B - +0 cloak
rCorr  .         Reflect  .     (no gloves)
SustAt .         Harm     .     (no boots)
MR     .....                    (no amulet)
Stlth  ..........               F - +3 ring of evasion
                                y - ring of Hot Laha {EV+1 Int+9 Dex+3}

@: not resistant to hostile enchantments, extremely unstealthy
A: mutation resistance 1
a: Berserk, Trog's Hand, Brothers in Arms, Burn Spellbooks, Renounce Religion


You were on level 8 of the Dungeon.
You worshipped Trog.
Trog was extremely pleased with you.
You were hungry.

You visited 1 branch of the dungeon, and saw 8 of its levels.
You also visited: Ossuary.

You collected 730 gold pieces.
You spent 54 gold pieces at shops.

Inventory:

Hand Weapons
 x - a +1 short sword of venom
 H - the +3 falchion of Kenedoxkui (weapon) {slice, rN+ Dex+2}
   (You found it on level 7 of the Dungeon)

   It inflicts extra damage upon your enemies.
   It affects your dexterity (+2).
   It protects you from negative energy.
Armour
 i - a +0 chain mail of fire resistance (worn)
 p - a +0 hat (worn)
 B - a +0 cloak (worn)
Jewellery
 o - an uncursed ring of wizardry
 y - the ring of Hot Laha (left hand) {EV+1 Int+9 Dex+3}
   (You found it on level 4 of the Dungeon)

   [ring of evasion]

   It affects your evasion (+1).
   It affects your intelligence (+9).
   It affects your dexterity (+3).
 F - a +3 ring of evasion (right hand)
Wands
 a - a wand of invisibility (2/9)
 c - a wand of cold (9/15)
 g - a wand of cold (8/15)
Scrolls
 b - 2 scrolls of teleportation
 d - 2 scrolls of noise
 e - 3 scrolls of identify
 t - 7 scrolls of remove curse
 w - a scroll of blinking
 z - a scroll of fog
 C - a scroll of magic mapping
Potions
 f - 4 potions of curing
 j - a potion of haste
 l - a potion of agility
 q - a potion of might
 r - 2 potions of brilliance
 s - a potion of cure mutation {unknown}
 u - 2 potions of resistance {unknown}
 v - a potion of magic {unknown}
 A - 2 potions of heal wounds {unknown}
 D - a potion of beneficial mutation {unknown}
 I - a potion of invisibility {unknown}
 J - a potion of ambrosia {unknown}
Comestibles
 h - 4 fruits
 m - a royal jelly


   Skills:
 - Level 4.7 Fighting
 - Level 9.8(11.1) Short Blades
 + Level 6.5(8.1) Long Blades
 - Level 7.5 Armour
 - Level 2.1 Dodging


You had 8 spell levels left.
You didn't know any spells.

Dungeon Overview and Level Annotations

Branches:
Dungeon (8/15)             Temple (0/1) D:6
   Lair: D:8-11

Altars:
Fedhas
Nemelex Xobeh
Okawaru
Qazlal
Trog
Vehumet

Shops:
D:6 [%(}[


Innate Abilities, Weirdness & Mutations

You are small and have problems with some larger weapons.
You are somewhat resistant to further mutation.


Message History

The phantom hits you.
The phantom blinks!
The phantom hits you but does no damage.
You closely miss the phantom.
The phantom is lightly damaged.
The phantom hits you.
* * * LOW HITPOINT WARNING * * *
The phantom blinks!
You hit the phantom.
The phantom is moderately damaged.
The phantom closely misses you.
You hit the phantom but do no damage.
The phantom is moderately damaged.
The phantom hits you but does no damage.
You hit the phantom.
The phantom is heavily damaged.
The phantom hits you but does no damage.
You hit the phantom.
The phantom is heavily damaged.
The komodo dragon bites you!!
You die...

#.###..# #.######.#
#..##.#####††.#
#.....#...#.#.####
########.........#††....##
..........####.......P....
..........#####..!..PP...P
#..####.....())..P†P......
#'..##########(.Wl..P.P.P.
.##..# ####.P@P.####P.P
..##.######...P.P.P# ...
.##.........?...)..# ..
##..#######....P..P# #..##
###.PP...P... ..##
#...P.P...P ..#
##........P ### #..P....(P
##........


You could see a komodo dragon and a phantom.

Vanquished Creatures
  A sky beast (D:7)
  The ghost of axujen the Sneak, an amateur SpEn (D:5)
  An orc warrior (D:8)
  An ice beast (D:8)
  A black bear (D:7)
  3 ogres
  A phantom (D:6)
  A crocodile (D:8)
  2 big kobolds
  A wyvern zombie (D:7)
  A giant frog (D:7)
  A jelly (D:6)
  7 orc wizards
  5 orc priests
  2 crimson imps
  Crazy Yiuf (D:7)
  A giant frog zombie (D:7)
  2 iguanas (D:4)
  2 hounds
  3 worker ants
  A hound zombie (D:7)
  3 hound skeletons
  8 mummies (Ossuary)
  A gnoll (D:1)
  12 adders
  4 river rats (D:8)
  3 shadow imps
  2 oozes
  An adder skeleton (D:8)
  3 worms
  6 giant geckos
  38 orcs
  2 ball pythons (D:2)
  4 giant cockroaches
  3 gnoll zombies (Ossuary)
  9 goblins
  5 hobgoblins
  5 jackals
  23 kobolds
  16 bats
  A giant gecko zombie (D:6)
  4 giant newts
  A kobold zombie (Ossuary)
  4 orc zombies (Ossuary)
  5 quokkas
  20 rats
  A fungus (D:1)
223 creatures vanquished.

Vanquished Creatures (others)
  A fungus (D:8)
  A plant (D:8)
2 creatures vanquished.

Grand Total: 225 creatures vanquished

Notes
Turn   | Place    | Note
--------------------------------------------------------------
     0 | D:1      | truemonolith the Halfling Berserker began the quest for the Orb.
     0 | D:1      | Reached XP level 1. HP: 15/15 MP: 1/1
   162 | D:1      | Reached XP level 2. HP: 17/20 MP: 2/2
   542 | D:1      | Reached skill level 5 in Short Blades
   574 | D:1      | Reached XP level 3. HP: 22/25 MP: 3/3
  1201 | D:2      | Reached ** piety under Trog
  1257 | D:2      | Found a blossoming altar of Fedhas.
  1452 | D:2      | Reached skill level 6 in Short Blades
  1452 | D:2      | Reached XP level 4. HP: 24/30 MP: 4/4
  1472 | D:2      | Found a bloodstained altar of Trog.
  2392 | D:3      | Reached skill level 7 in Short Blades
  2392 | D:3      | Reached XP level 5. HP: 31/35 MP: 5/5
  2521 | D:3      | Reached *** piety under Trog
  2527 | D:3      | Reached skill level 8 in Short Blades
  2779 | D:3      | Reached XP level 6. HP: 41/41 MP: 6/6
  2838 | D:3      | Found a sparkling altar of Nemelex Xobeh.
  3560 | D:4      | Reached skill level 9 in Short Blades
  3646 | D:4      | Reached XP level 7. HP: 15/45 MP: 7/7
  3909 | D:4      | Found a stormy altar of Qazlal.
  3924 | D:4      | Found a radiant altar of Vehumet.
  3954 | D:4      | Got a smoking marble ring
  3956 | D:4      | Identified the ring of Hot Laha {EV+1 Int+9 Dex+3} (You found it on level 4 of the Dungeon)
  4337 | D:5      | Entered Level 5 of the Dungeon
  4832 | D:5      | Noticed axujen's ghost (amateur SpEn)
  4849 | D:5      | Killed axujen's ghost
  4908 | D:5      | Reached skill level 5 in Armour
  4924 | D:5      | Reached XP level 8. HP: 34/51 MP: 8/8
  4928 | D:5      | Reached **** piety under Trog
  5357 | D:6      | Found Ugafapt's Armour Shop.
  5376 | D:6      | Bought a +0 cloak for 54 gold pieces
  5921 | D:6      | Found Ywenyton's Antique Weapon Emporium.
  5938 | D:6      | Found Pusoxtoe's Food Emporium.
  6073 | D:6      | Found Keusocal's Gadget Boutique.
  6216 | D:6      | Found a staircase to the Ecumenical Temple.
  6361 | D:6      | Found Qemizoed's Armour Boutique.
  6490 | D:7      | Upgraded the game from 0.18-a0-1-gfac8111 to 0.18-a0-1070-gd466a24
  6959 | D:7      | Found a blossoming altar of Fedhas.
  6973 | D:7      | Reached XP level 9. HP: 56/59 MP: 9/9
  7035 | D:7      | Got an iridescent falchion
  7041 | D:7      | Identified the +3 falchion of Kenedoxkui {slice, rN+ Dex+2} (You found it on level 7 of the Dungeon)
  7073 | D:7      | Reached skill level 1 in Long Blades
  7233 | D:7      | Noticed Crazy Yiuf
  7239 | D:7      | Killed Crazy Yiuf
  7717 | D:8      | Found a sand-covered staircase.
  7722 | Ossuary  | Entered an ossuary
  8483 | D:8      | Reached skill level 5 in Long Blades
  8629 | D:8      | Found an iron altar of Okawaru.
  8694 | D:8      | Reached ***** piety under Trog
  8788 | D:8      | Noticed a komodo dragon
  8795 | D:8      | Slain by a komodo dragon

Vault maps used:
D:1:      tarquinn_simple_flora_water_d, minmay_gold_behind_fungi, minivault_14
D:2:      old_standard_altar, serial_glass, glass_columns_c, glass_columns_a,
          first_bread, fedhas_altar_fruit_tree
D:3:      nemelex_xobeh_ov_fountains_minmay
D:4:      grunt_temple_overflow_open, kennysheep_generic_room_14
D:6:      minmay_temple_entry_purple_smoke, serial_shops, shop_statue, shop,
          shop, shop, nicolae_shop_crystal, minmay_misc_feat_nine_boxes
D:7:      lemuel_round_altar, uniq_crazy_yiuf_cottage
D:8:      mumra_celtic_spiral_tile, okawaru_ov_weapons_minmay,
          grunt_lair_entry_orc_guard_hut, enter_ossuary_5
Ossuary:  ossuary_tomb_3

Action                   |  1- 3 |  4- 6 |  7- 9 || total
-------------------------+-------+-------+-------++-------
Melee: Short sword       |   139 |   264 |   388 ||   791
       Falchion          |       |       |   243 ||   243
Invok: Berserk           |       |     3 |     3 ||     6
  Use: Scroll            |       |     2 |    19 ||    21
       Potion            |       |       |     4 ||     4
 Stab: Sleeping          |     2 |       |       ||     2
  Eat: Bread ration      |     1 |     2 |     2 ||     5
       Chunk             |       |     3 |     1 ||     4
       Fruit             |       |     1 |     4 ||     5
       Beef jerky        |       |       |     1 ||     1
